 Dungeon Crawl Stone Soup version 0.17-a0-1719-g1afd5a1 (webtiles) character file.

1974 kae the Arsonist (level 9, -4/45 HPs)
             Began as a Tengu Fire Elementalist on Aug 28, 2015.
             Slain by an orc warrior
             ... wielding a +0 hand axe
              (18 damage)
             ... on level 5 of the Dungeon.
             The game lasted 00:11:07 (6744 turns).

kae the Arsonist (Tengu Fire Elementalist)          Turns: 6744, Time: 00:11:07

Health: -4/45      AC:  6    Str:  8    XL:     9   Next: 20%
Magic:  13/13      EV: 13    Int: 18    God:
Gold:   127        SH:  0    Dex: 20    Spells: 3 memorised, 6 levels left

rFire  + . .     SeeInvis .     w - +3 short sword (venom)
rCold  . . .     Clarity  .     y - +2 robe {Archmagi}
rNeg   . . .     SustAt   .     (no shield)
rPois  .         Gourm    .     a - +2 hat
rElec  .         Spirit   .     (no cloak)
rCorr  .         Warding  .     (no gloves)
rMut   .         Stasis   .     (boots unavailable)
MR     .....                    (no amulet)
Stlth  ++........               l - +4 ring of dexterity
                                i - ring of protection from fire

@: not resistant to hostile enchantments, unstealthy
A: beak, talons 3, able to fly 1
a: Fly


You were on level 5 of the Dungeon.
You were not hungry.

You visited 1 branch of the dungeon, and saw 6 of its levels.

You collected 271 gold pieces.
You spent 144 gold pieces at shops.

Inventory:

Hand weapons
 w - a +3 short sword of venom (weapon)
Armour
 a - a +2 hat (worn)
 y - a +2 robe of the Archmagi (worn)
Jewellery
 i - a ring of protection from fire (left hand)
 l - a +4 ring of dexterity (right hand)
 v - a +3 ring of dexterity
Magical devices
 f - a wand of draining (5)
 n - a wand of heal wounds (5)
Scrolls
 d - 4 scrolls of remove curse
 m - 3 scrolls of enchant weapon
 p - 3 scrolls of fear
 u - a scroll of identify
Potions
 e - 2 potions of mutation
 h - 2 potions of might
 k - a potion of lignification {unknown}
 q - a potion of agility
 s - 2 potions of curing
 x - a potion of haste {unknown}
 z - a potion of degeneration {unknown}
 B - a potion of brilliance
Books
 b - a book of Flames

   Spells                             Type                      Level
   a - Flame Tongue                   Conjuration/Fire             1
   b - Throw Flame                    Conjuration/Fire             2
   c - Conjure Flame                  Conjuration/Fire             3
   d - Inner Flame                    Hexes/Fire                   3
   e - Sticky Flame                   Conjuration/Fire             4
   f - Fireball                       Conjuration/Fire             5
Comestibles
 c - 8 bread rations
 g - 7 fruits
 j - 2 slices of pizza
 t - 2 meat rations


   Skills:
 - Level 2.1 Dodging
 - Level 2.0 Stealth
 - Level 2.0 Spellcasting
 - Level 1.3 Conjurations
 + Level 12.8 Fire Magic


You had 6 spell levels left.
You knew the following spells:

 Your Spells              Type           Power        Failure   Level  Hunger
a - Flame Tongue          Conj/Fire      #####        1%          1    #......
b - Throw Flame           Conj/Fire      #####.       1%          2    ###....
c - Conjure Flame         Conj/Fire      #####...     2%          3    ###....


Dungeon Overview and Level Annotations

Branches:
Dungeon (6/15)
 Temple: D:4-7

Altars:

Shops:
D:5 !

Annotations:
D:6 Pikel


Innate Abilities, Weirdness & Mutations

You have a beak for a mouth.
You have claws for feet.
You can fly.


Message History

The quokka bites you.
You hear a shout!
There is a stone staircase leading up here.
The quokka bites you but does no damage.
The orc warrior hits you with a hand axe!
You climb upwards.
There is a stone staircase leading down here.
Unknown command.
Unknown command.
You hit the quokka.
The quokka is poisoned.
You claw the quokka, but do no damage. You peck the quokka.
The quokka is moderately wounded.
The quokka bites you.
The orc warrior hits you with a hand axe.
* * * LOW HITPOINT WARNING * * *
The quokka closely misses you.
You puncture the quokka!
You kill the quokka!
The orc warrior hits you with a hand axe!!
You die...

#.#.....#
########'####
#.#####'###########.#
#.# #...............#
#.# #.....########..#
####.###.....#
#.......#
.............#
#.####.##
####.##......# #.#
#.# ...#.##......#
#o# #.#
##.#.##......# #@#
#.# #.#.##.####.# #.#
#.# #.#.##.# #.# #.#
#.# #.#.##.# #.# #.#
#.# #.#.##.# #.# #.#
#.# #.#.##.# #.# #.#
#.# #.#.##.# #.# #.#
#.# #.#.##.# #.# #.#
#.# #.#....# #.# #.#
#.#


You could see an orc warrior.

Vanquished Creatures
  The ghost of kae the Cudgeler, an experienced DsFi (D:4)
  Grinder (D:3)
  Sigmund (D:5)
  Menkaure (D:4)
  Duvessa (D:5)
  An ice beast (D:5)
  A slave (D:6)
  An ogre (D:6)
  A black bear (D:6)
  A centaur (D:5)
  2 giant frogs (D:6)
  Dowan (D:5)
  A scorpion (D:6)
  A giant frog skeleton (D:4)
  2 hounds
  An orc priest (D:6)
  Ijyb (D:3)
  A jelly (D:6)
  3 orc wizards
  3 worker ants (D:4)
  A worker ant zombie (D:5)
  Robin (D:2)
  5 adders
  3 gnolls (D:5)
  A shadow imp (D:6)
  An ooze (D:4)
  3 giant geckos
  5 orcs
  5 bats
  17 goblins
  15 hobgoblins
  7 jackals
  3 quokkas
  A ball python skeleton (D:4)
  2 giant gecko skeletons
  6 giant newts
  2 kobolds
  11 rats
115 creatures vanquished.

Vanquished Creatures (others)
  An orc (D:6)
1 creature vanquished.

Grand Total: 116 creatures vanquished

Notes
Turn   | Place    | Note
--------------------------------------------------------------
     0 | D:1      | kae the Tengu Fire Elementalist began the quest for the Orb.
     0 | D:1      | Reached XP level 1. HP: 10/10 MP: 4/4
   217 | D:1      | Reached XP level 2. HP: 15/15 MP: 4/6
   263 | D:1      | Reached skill level 4 in Fire Magic
   947 | D:2      | Noticed Robin
   957 | D:2      | Reached XP level 3. HP: 16/19 MP: 1/7
  1238 | D:2      | Killed Robin
  1478 | D:2      | Reached skill level 5 in Fire Magic
  2059 | D:2      | Reached XP level 4. HP: 20/24 MP: 8/8
  2216 | D:3      | Noticed Ijyb
  2253 | D:3      | Killed Ijyb
  2759 | D:3      | Noticed Grinder
  2804 | D:3      | Learned a level 2 spell: Throw Flame
  2808 | D:3      | Learned a level 3 spell: Conjure Flame
  2870 | D:3      | Paralysed by Grinder for 6 turns
  3078 | D:3      | Killed Grinder
  3078 | D:3      | Reached skill level 7 in Fire Magic
  3078 | D:3      | Gained mutation: You can fly. [Tengu growth]
  3078 | D:3      | Reached XP level 5. HP: 28/28 MP: 2/9
  3078 | D:3      | Reached XP level 6. HP: 32/32 MP: 2/10
  3420 | D:4      | Noticed Menkaure
  3425 | D:4      | Killed Menkaure
  3425 | D:4      | Reached skill level 8 in Fire Magic
  3425 | D:4      | Reached XP level 7. HP: 36/36 MP: 4/11
  3610 | D:4      | Noticed kae's ghost (experienced DsFi)
  3643 | D:4      | Killed kae's ghost
  3643 | D:4      | Reached skill level 9 in Fire Magic
  4251 | D:4      | Reached skill level 10 in Fire Magic
  4417 | D:4      | Reached XP level 8. HP: 26/41 MP: 6/12
  4600 | D:5      | Entered Level 5 of the Dungeon
  4949 | D:5      | Noticed Sigmund
  4964 | D:5      | Killed Sigmund
  5028 | D:5      | Found Ubampal's Distillery.
  5034 | D:5      | Bought a potion of curing for 36 gold pieces
  5034 | D:5      | Bought a potion of heal wounds for 60 gold pieces
  5034 | D:5      | Bought a potion of brilliance for 48 gold pieces
  5260 | D:5      | You fall through a shaft!
  5270 | D:6      | Reached skill level 11 in Fire Magic
  5484 | D:6      | Noticed Pikel
  5657 | D:6      | Reached skill level 12 in Fire Magic
  5932 | D:5      | Reached XP level 9. HP: 45/45 MP: 5/13
  6463 | D:5      | Noticed Duvessa
  6463 | D:5      | Noticed Dowan
  6475 | D:5      | Killed Duvessa
  6479 | D:5      | Killed Dowan
  6744 | D:5      | Slain by an orc warrior

Vault maps used:
D:1:      dpeg_arrival_rhombus, minmay_misc_feat_doors
D:2:      serial_bayou_lagoon_b, uniq_robin
D:3:      first_bread, kennysheep_doodads, uniq_grinder, uniq_iyjb
D:4:      uniq_menkaure
D:5:      serial_shops, shop, uniq_duvessa, uniq_sigmund
D:6:      lemuel_round_altar, uniq_pikel

Action                   |  1- 3 |  4- 6 |  7- 9 || total
-------------------------+-------+-------+-------++-------
Melee: Unarmed           |    17 |       |       ||    17
       Dagger            |     4 |    45 |    48 ||    97
       Short sword       |       |       |     6 ||     6
 Cast: Flame Tongue      |    71 |    19 |   104 ||   194
       Conjure Flame     |       |     2 |     7 ||     9
       Throw Flame       |       |       |     8 ||     8
Evoke: Wand              |       |       |     1 ||     1
  Use: Scroll            |       |     6 |     6 ||    12
       Potion            |       |       |     1 ||     1
 Stab: Sleeping          |       |     2 |     3 ||     5
  Eat: Chunk             |     4 |     5 |    13 ||    22
       Fruit             |       |     1 |       ||     1
